AoeStats
← ismaelsaloro

Arabia

510025406Analyzed
3v3 RM · 5d ago on Sep 29, 2026· 36m 41s· 6 players
Game mode
Random Map
Map size
Normal (6 player)
Population
200
Speed
Normal
Resources
Standard
Victory
Conquest
Starting age
Dark Age
Ending age
Imperial Age
RankedLock teamsTeams togetherTeam positionsShared explorationLock speedFull tech treeHidden civsTurbo modeCheats
Victory
Defeat
🇲🇽 Mongols · Mexico
953
+14
🇲🇽 Persians · Mexico
940
+15
🇲🇽 Saxons · Mexico
929
+15
🇨🇴 Danes · Colombia
939
-16
🇨🇴 Varangians · Colombia
930
-15
🇨🇴 Poles · Colombia
879
-13
Andresvq7
0:31 Loom
12:48 Feudal Age
13:21 Double-Bit Axe
13:29 Stone Mining
13:26 Horse Collar
16:07 Wheelbarrow
24:13 Forging
24:04 Scale Mail Armor
26:18 Castle Age
25:46 Scale Barding Armor
25:44 Gold Mining
27:01 Padded Archer Armor
30:52 Town Watch
33:06 Bow Saw
MataLokas4216
4:36 Loom
10:40 Feudal Age
11:34 Double-Bit Axe
16:10 Forging
21:30 Castle Age
20:10 Fletching
20:40 Horse Collar
21:26 Stone Mining
24:42 Bow Saw
29:40 Iron Casting
29:07 Scale Mail Armor
31:26 Murder Holes
31:52 Ballistics
34:48 Elite Skirmisher
38:14 Imperial Age
Salvatoremancuso
3:13 Loom
10:17 Feudal Age
11:02 Double-Bit Axe
11:55 Wheelbarrow
20:56 Castle Age
22:50 Stone Mining
24:23 Elite Skirmisher
25:12 Padded Archer Armor
25:58 Light Cavalry
26:39 Husbandry
33:02 Bloodlines
Spartak_2406
5:36 Loom
9:51 Feudal Age
11:05 Town Watch
11:08 Double-Bit Axe
13:59 Fletching
14:48 Padded Archer Armor
20:26 Castle Age
19:22 Stone Mining
19:24 Gold Mining
20:31 Crossbowman
25:32 Bodkin Arrow
29:16 Wheelbarrow
29:57 Ballistics
36:21 Imperial Age
36:43 Leather Archer Armor
ismaelsaloro
7:12 Loom
12:09 Feudal Age
12:16 Man-at-Arms
14:35 Forging
14:12 Arson
14:51 Horse Collar
15:00 Double-Bit Axe
23:07 Castle Age
24:04 Crossbowman
24:17 Long Swordsman
27:43 Ballistics
27:36 Heavy Plow
27:50 Bow Saw
36:36 Imperial Age
chuytoor
7:14 Loom
9:56 Feudal Age
20:49 Castle Age
23:54 Pikeman
27:39 Crossbowman
32:19 Imperial Age
29:59 Fletching
32:16 Padded Archer Armor
32:11 Bodkin Arrow
32:47 Thumb Ring
34:07 Conscription
Connection lost

Rejoining the realm…

Still unreachable

The connection could not be restored.

Session expired

The server has moved on; the page needs a fresh start.